 Dungeon Crawl Stone Soup version 0.21.1-1-g345015fe64 (webtiles) character file.

859 Razbojnik the Thaumaturge (level 7, -2/36 HPs)
             Began as a Deep Elf Conjurer on July 26, 2018.
             Shot with an arrow by a centaur (5 damage)
             ... on level 5 of the Dungeon.
             The game lasted 00:35:36 (4711 turns).

Razbojnik the Thaumaturge (Deep Elf Conjurer)       Turns: 4711, Time: 00:35:36

Health: -2/36      AC:  3    Str:  5    XL:     7   Next: 71%
Magic:  20/20      EV: 13    Int: 22    God:
Gold:   284        SH:  0    Dex: 15    Spells: 8/22 levels left

rFire    . . .     SeeInvis .   P - +2 spear (freeze)
rCold    + . .     Gourm    .   (no shield)
rNeg     . . .     Faith    .   a - +0 robe
rPois    .         Spirit   .   s - +0 helmet
rElec    .         Reflect  .   (no cloak)
rCorr    .         Harm     .   (no gloves)
MR       .....                  (no boots)
Stlth    ++........             O - amulet of magic regeneration
HPRegen  0.12/turn              F - ring of protection from cold
MPRegen  0.42/turn              (no ring)

@: no status effects
A: no striking features
a: no special abilities


You were on level 5 of the Dungeon.
You were not hungry.

You visited 1 branch of the dungeon, and saw 5 of its levels.

You collected 284 gold pieces.

Inventory:

Hand Weapons
 u - a +0 dagger
 x - a +0 dagger of venom
 z - a +0 blowgun
 A - a +4 hunting sling
 D - a +0 hand crossbow
 E - a +0 dagger of draining
 J - a +0 flail of venom
 P - a +2 spear of freezing (weapon)
Missiles
 d - 162 stones (quivered)
 r - 20 poisoned needles
 y - 73 sling bullets
 B - 11 bolts
 N - 9 tomahawks
Armour
 a - a +0 robe (worn)
 i - a +0 leather armour
 o - a +0 buckler
 s - a +0 helmet (worn)
Jewellery
 F - a ring of protection from cold (left hand)
 K - an uncursed ring of protection from cold
 O - an amulet of magic regeneration (around neck)
Wands
 G - a wand of digging (24)
Scrolls
 e - 2 scrolls of amnesia {unknown}
 g - 8 scrolls of remove curse
 m - 5 scrolls of identify {unknown}
 t - a scroll of noise {unknown}
 w - 3 scrolls of teleportation {unknown}
 C - a scroll of enchant weapon {unknown}
 H - a scroll of random uselessness {unknown}
 I - 2 scrolls of blinking {unknown}
 L - a scroll of magic mapping {unknown}
 M - a scroll of enchant armour {unknown}
 R - a scroll of acquirement {unknown}
Potions
 h - 2 potions of brilliance {unknown}
 j - 2 potions of might {unknown}
 k - a potion of cancellation {unknown}
 l - a potion of lignification {unknown}
 n - a potion of resistance {unknown}
 p - 4 potions of curing {unknown}
 q - 2 potions of heal wounds {unknown}
 v - 2 potions of agility {unknown}
 Q - a potion of degeneration {unknown}
Books
 b - a book of Conjurations

   Spells                             Type                      Level
   a - Magic Dart                     Conjuration                  1
   b - Searing Ray                    Conjuration                  2
   c - Dazzling Spray                 Conjuration/Hexes            3
   d - Fulminant Prism                Conjuration/Hexes            4
   e - Force Lance                    Conjuration/Translocation    4
   f - Iskenderun's Mystic Blast      Conjuration                  4
Comestibles
 c - 8 rations
 f - 2 chunks of flesh


   Skills:
 - Level 2.4 Dodging
 + Level 2.4 Stealth
 + Level 1.0 Shields
 - Level 8.0 Spellcasting
 - Level 6.5 Conjurations
 - Level 6.0 Hexes


You had 8 spell levels left.
You knew the following spells:

 Your Spells              Type           Power        Failure   Level  Hunger
a - Magic Dart            Conj           ####         1%          1    None
b - Searing Ray           Conj           #####.       1%          2    None
c - Dazzling Spray        Conj/Hex       #####.       1%          3    None
d - Fulminant Prism       Conj/Hex       #####.....   5%          4    ###....
e - Iskenderun's Mystic   Conj           #####...     4%          4    ###....


Dungeon Overview and Level Annotations

Branches:
Dungeon (5/15)
 Temple: D:4-7

Altars:
Zin

Shops:
D:4 }

Annotations:
D:4 2 transporters
D:5 Niraks's ghost, novice HOFi


Message History

The spray of energy hits the worker ant zombie.
You destroy the worker ant zombie!
Your fulminant prism explodes!
You see here a worker ant corpse.
You butcher the worker ant corpse.
f - 2 chunks of flesh
There are no items here.
Found a ration.
Magic restored.
HP restored.
A centaur comes into view.
You see here a ration.
The centaur wields a shortbow.
The centaur shoots an arrow.
The arrow hits you.
The centaur shoots an arrow.
The arrow hits you!
You see here 2 arrows.
The centaur shoots an arrow.
The arrow hits you!
The centaur shoots an arrow.
The arrow hits you!
* * * LOW HITPOINT WARNING * * *
You see here an arrow.
The centaur shoots an arrow.
The arrow hits you.
You die...

#
#.........####.....
#.#######..........
#..# ###........ #
##.# #######.. #.
#.# #.. #.##.#
#.... #....#
#...... ###..#
###.... #.@# ......
####.(## ..#.#..
#......###.#
###.#..
#...(......# ...
#..%.....### ..
#........c.. ..
#........###
#........#
#........#


You could see a centaur.

Vanquished Creatures
  2 ogres (D:5)
  A scorpion (D:4)
  4 orc priests (D:4)
  3 hounds (D:4)
  A jelly (D:4)
  An iguana (D:4)
  An orc wizard (D:3)
  4 worker ants
  Robin (D:2)
  2 worker ant zombies (D:5)
  7 gnolls
  5 adders
  2 oozes
  An adder skeleton (D:4)
  A worm (D:2)
  3 leopard geckos
  16 orcs
  9 bats
  A giant cockroach (D:2)
  8 hobgoblins
  7 jackals
  A quokka (D:4)
  2 frilled lizards
  12 goblins
  11 kobolds
  A leopard gecko skeleton (D:4)
  2 rats
109 creatures vanquished.

Vanquished Creatures (others)
  An orc (D:4)
  17 fulminant prisms
18 creatures vanquished.

Grand Total: 127 creatures vanquished

Notes
Turn   | Place    | Note
-------+----------+-------------------------------------------
     0 | D:1      | Razbojnik the Deep Elf Conjurer began the quest for the Orb.
     0 | D:1      | Reached XP level 1. HP: 10/10 MP: 6/6
   678 | D:1      | Reached XP level 2. HP: 15/15 MP: 2/8
   692 | D:1      | Learned a level 2 spell: Searing Ray
  1210 | D:2      | Reached skill level 4 in Spellcasting
  1231 | D:2      | Reached XP level 3. HP: 19/19 MP: 5/10
  1235 | D:2      | Reached skill level 5 in Conjurations
  1239 | D:2      | Noticed Robin
  1376 | D:1      | Learned a level 3 spell: Dazzling Spray
  1412 | D:2      | Killed Robin
  1412 | D:2      | Reached skill level 1 in Hexes
  1470 | D:2      | Found a glowing silver altar of Zin.
  1791 | D:2      | Reached XP level 4. HP: 24/24 MP: 7/12
  1797 | D:2      | Learned a level 4 spell: Fulminant Prism
  2854 | D:3      | Reached XP level 5. HP: 28/28 MP: 7/13
  3061 | D:4      | Reached skill level 5 in Spellcasting
  3061 | D:4      | Reached skill level 5 in Hexes
  3151 | D:4      | Reached XP level 6. HP: 32/32 MP: 9/16
  3328 | D:4      | Reached skill level 6 in Spellcasting
  3568 | D:4      | Found a transporter.
  3583 | D:4      | Found a transporter.
  3948 | D:4      | Reached XP level 7. HP: 36/36 MP: 2/19
  4183 | D:4      | Found Ideuwnud's Gadget Emporium.
  4214 | D:5      | Entered Level 5 of the Dungeon
  4273 | D:5      | Noticed Niraks's ghost (novice HOFi)
  4293 | D:4      | Learned a level 4 spell: Iskenderun's Mystic Blast
  4404 | D:5      | Reached skill level 7 in Spellcasting
  4680 | D:5      | Reached skill level 1 in Shields
  4680 | D:5      | Reached skill level 8 in Spellcasting
  4711 | D:5      | Shot with an arrow by a centaur

Skill      XL: |  1  2  3  4  5  6  7 |
---------------+----------------------+-----
Spellcasting   | 4 5 6 8 |  8.0
Conjurations   | 5 6 |  6.5
Hexes          | 2 4 5 6 |  6.0
Shields        | 1 |  1.0
Dodging        | |  2.4
Stealth        | |  2.4

Action                   |  1- 3 |  4- 6 |  7- 9 || total
-------------------------+-------+-------+-------++-------
Melee: Unarmed           |     1 |       |       ||     1
       Spear             |     1 |     2 |       ||     3
 Cast: Magic Dart        |    65 |    79 |    15 ||   159
       Searing Ray       |     4 |    10 |     4 ||    18
       Dazzling Spray    |       |     4 |     2 ||     6
       Fulminant Prism   |       |    10 |     7 ||    17
  Use: Scroll            |       |       |     1 ||     1
 Stab: Sleeping          |     1 |     1 |       ||     2
  Eat: Chunk             |     3 |     8 |     3 ||    14
Armor: Robe              |     5 |    10 |       ||    15
Dodge: Dodged            |     3 |    31 |     2 ||    36
